 Dungeon Sprint DCSS version 0.22-a0-422-g9628fc87f1 (webtiles) character file.

36720 Ebeneezer the Bludgeoner (level 13, -3/189 HPs)
             Began as a Demonspawn Berserker on May 21, 2018.
             Was the Champion of Trog.
             Slain by an orc warrior
             ... wielding a +0 glaive
             ... led by Saint Roka
              (25 damage)
             ... in the Dungeon (Sprint IX: "|||||||||||||||||||||||||||||").
             The game lasted 00:10:53 (4749 turns).

Ebeneezer the Bludgeoner (Demonspawn Berserker)     Turns: 4749, Time: 00:10:54

Health: -3/189     AC: 27    Str: 29    XL:     13   Next: 54%
Magic:  13/13      EV: 13    Int: 13    God:    Trog [******]
Gold:   1069       SH:  0    Dex: 22    Spells: 12/12 levels left

rFire    . . .     SeeInvis .   u - +9 great mace of Equilibrium {elec, rPois Dex+9}
rCold    . . .     Gourm    .   (shield currently unavailable)
rNeg     + . .     Faith    .   K - +3 chain mail
rPois    +         Spirit   .   J - +1 helmet
rElec    .         Reflect  .   w - +0 cloak
rCorr    .         Harm     .   H - +0 pair of gloves {Str+3}
MR       +++..     Clarity  +   x - +0 pair of boots Stlth ..........NoTele +
                                A - amulet of the Four Winds {rN+ MR+++ Clar}
HPRegen  0.41/turn              p - +2 ring of protection
MPRegen  0.13/turn              q - +3 ring of intelligence

@: berserking (expiring), very quick
A: hooves 2, rugged brown scales 3, demonic guardian 1, nightstalker 1
a: Berserk, Trog's Hand, Brothers in Arms, Renounce Religion


You were in the Dungeon.
You worshipped Trog.
Trog was exalted by your worship.
You were near starving.

You visited 1 branch You collected 1908 gold pieces.
You spent 839 gold pieces at shops.

Inventory:

Hand Weapons
 m - a +2 dire flail of crushing
 u - the +9 great mace of Equilibrium (weapon) {elec, rPois Dex+9}
   (Trog gifted it to you in the Dungeon)

   Occasionally, upon striking a foe, it will discharge some electrical energy
   and cause terrible harm.
   It affects your dexterity (+9).
   It protects you from poison.
 v - a +4 arbalest of flaming
 y - a +1 arbalest of velocity
 z - the +8 arbalest of Destruction {venom, SInv}
   (Trog gifted it to you in the Dungeon)

   It poisons the ammo it fires.
   It lets you see invisible.
 G - a +1 demon whip of flaming
 I - a +2 arbalest of velocity
 L - a +3 triple crossbow of velocity
Missiles
 o - 44 bolts
Armour
 w - a +0 cloak (worn)
 x - a +0 pair of boots (worn)
 H - a +0 pair of gloves of strength (worn)
 J - a +1 helmet (worn)
 K - a +3 chain mail (worn)
Jewellery
 p - a +2 ring of protection (left hand)
 q - a +3 ring of intelligence (right hand)
 A - the amulet of the Four Winds (around neck) {rN+ MR+++ Clar}
   (You bought it in a shop in the Dungeon)

   [amulet of nothing]

   It protects you from negative energy.
   It affects your resistance to hostile enchantments.
   It protects you against confusion.
 C - an uncursed ring of protection from cold
 D - an uncursed ring of protection from cold
 E - an uncursed ring of protection from fire
 F - an uncursed ring of protection from magic
Wands
 l - a wand of acid (10)
Scrolls
 i - 2 scrolls of blinking
 k - 5 scrolls of remove curse
 n - 4 scrolls of enchant armour
 r - a scroll of identify
 t - 3 scrolls of fear
 B - 6 scrolls of enchant weapon
Potions
 a - 3 potions of agility
 b - a potion of brilliance
 d - 10 potions of curing
 e - 7 potions of heal wounds
 f - 2 potions of haste
 g - 4 potions of magic
 h - a potion of berserk rage
 j - a potion of invisibility
Miscellaneous
 s - a fan of gales
Comestibles
 c - 14 rations


   Skills:
 + Level 16.2 Fighting
 + Level 20.5 Maces & Flails
 * Level 16.7 Crossbows
 + Level 12.1 Armour
 + Level 5.0 Dodging


You had 12 spell levels left.
You didn't know any spells.
Your spell library was empty.

Dungeon Overview and Level Annotations

Branches:
Dungeon (1/1)

Altars:
Cheibriados
Dithmenos
Elyvilon
Fedhas
Gozag
Hepliaklqana
Kikubaaqudgha
Makhleb
Nemelex Xobeh
Okawaru
Qazlal
Ru
Sif Muna
Trog
Uskayaw
Vehumet
Wu Jian
Xom
Yredelemnul
Zin
The Shining One
Beogh
Jiyva
Lugonu

Shops:
D }%*=


Innate Abilities, Weirdness & Mutations

You have hoof-like feet.
You are completely covered in rugged brown scales. (AC +3, +7% HP)
A weak demonic guardian rushes to your aid.
You are slightly more attuned to the shadows.


Message History

* * * LOW HITPOINT WARNING * * *
You bludgeon Aizul!! Lightning courses through Aizul!
Aizul is heavily wounded.
You bludgeon Aizul!! Lightning courses through Aizul!
Aizul is almost dead.
Aizul hits you.
* * * LOW HITPOINT WARNING * * *
The orc warrior hits you from afar with a glaive.
* * * LOW HITPOINT WARNING * * *
You bludgeon Aizul!! Lightning courses through Aizul!
You kill Aizul!
Trog accepts your kill.
Trog appreciates your killing of a magic user.
The orc warrior hits you but does no damage.
You bludgeon the orc warrior!!
Lightning courses through the orc warrior!
You kill the orc warrior!
Trog accepts your kill.
The orc warrior hits you with a glaive!!
You die...

▓▓▓▓▓▓▓▓▓▓▓▓▓▓▓▓▓▓
.▓...▓...▓...▓.)†▓
.▓.▓.▓.▓.▓.▓.▓5▓@▓
.▓.▓.▓.▓.▓.▓.▓.▓o▓
.▓.▓(▓.▓.▓.▓.▓.▓o▓
.▓'▓.▓.▓.▓.▓.▓.▓.▓
.▓.▓(▓.▓.▓.▓.▓.▓.▓
.▓.▓.▓.▓.▓.▓.▓.▓(▓
.▓[▓(▓.▓.▓.▓.▓.▓.▓
.▓[▓.▓.▓.▓.▓.▓.▓.▓
.▓.▓(▓'▓.▓'▓.▓.▓.▓


You could see an orc warrior and an orc.

Vanquished Creatures
  Saint Roka (D)
  Donald (D)
  Aizul (D)
  2 stone giants (D)
  Josephine (D)
  A fire dragon (D)
  A merfolk impaler (D)
  A rakshasa (D)
  4 hydras (D)
  Erica (D)
  Urug (D)
  A shock serpent (D)
  2 orc high priests (D)
  A wizard (D)
  An orc knight (D)
  An orb spider (D)
  A deep elf mage (D)
  An ugly thing (D)
  10 orc sorcerers (D)
  A cyclops (D)
  An oklob plant (D)
  Joseph (D)
  3 komodo dragons (D)
  2 jumping spiders (D)
  A tyrant leech (D)
  2 bog bodies (D)
  A snapping turtle (D)
  A blink frog (D)
  A slime creature (D)
  4 wraiths (D)
  A redback (D)
  5 tarantellas (D)
  A vampire mosquito (D)
  An acid dragon (D)
  A water moccasin (D)
  3 hell hounds (D)
  2 porcupines (D)
  A sky beast (D)
  A swamp drake (D)
  11 orc warriors (D)
  A black bear (D)
  2 ogres (D)
  6 wolves (D)
  A bullfrog (D)
  A scorpion (D)
  A crimson imp (D)
  5 orc priests (D)
  7 orc wizards (D)
  An iguana (D)
  A worker ant (D)
  A shadow imp (D)
  2 adder zombies (D)
  9 orcs (D)
  A ball python (D)
  A bat (D)
  2 bat skeletons (D)
  A goblin (D)
  A hobgoblin (D)
  A kobold (D)
  A bat simulacrum (D)
  A leopard gecko zombie (D)
125 creatures vanquished.

Vanquished Creatures (collateral kills)
  Snorg (D)
  An ettin (D)
  A fire dragon (D)
  A hydra (D)
  2 naga warriors (D)
  A satyr (D)
  A shock serpent (D)
  A naga sharpshooter (D)
  2 sea snakes (D)
  A manticore (D)
  3 black mambas (D)
  A spiny frog (D)
  A komodo dragon (D)
  3 merfolk (D)
  A basilisk (D)
  A naga (D)
  A water moccasin (D)
  2 porcupines (D)
  A crocodile (D)
26 creatures vanquished.

Vanquished Creatures (others)
  A swamp drake (D)
1 creature vanquished.

Grand Total: 152 creatures vanquished

Notes
Turn   | Place    | Note
-------+----------+-------------------------------------------
     0 | D        | Ebeneezer the Demonspawn Berserker began the quest for the Orb.
     0 | D        | Reached XP level 1. HP: 18/18 MP: 1/1
     5 | D        | Reached skill level 3 in Maces & Flails
    12 | D        | Reached ** piety under Trog
    12 | D        | Reached skill level 4 in Maces & Flails
    49 | D        | Noticed an ogre
    49 | D        | Noticed an orc wizard
    49 | D        | Noticed an ogre
    49 | D        | Noticed an iguana
    55 | D        | Killed an iguana
    55 | D        | Reached skill level 6 in Maces & Flails
    55 | D        | Gained mutation: You are slightly more attuned to the shadows. [demonic ancestry]
    55 | D        | Reached XP level 2. HP: 24/24 MP: 2/2
    55 | D        | Gained mutation: You have large cloven feet. [demonic ancestry]
    55 | D        | Reached XP level 3. HP: 29/29 MP: 3/3
    57 | D        | Killed an ogre
    57 | D        | Reached *** piety under Trog
    57 | D        | Reached skill level 9 in Maces & Flails
    57 | D        | Reached XP level 4. HP: 35/35 MP: 4/4
    58 | D        | Gained mutation: A weak demonic guardian rushes to your aid. [demonic ancestry]
    58 | D        | Reached XP level 5. HP: 41/41 MP: 5/5
    62 | D        | Killed an ogre
    62 | D        | Reached skill level 11 in Maces & Flails
    63 | D        | Reached **** piety under Trog
    98 | D        | Found a roughly hewn altar of Beogh.
    98 | D        | Found a snail-covered altar of Cheibriados.
    98 | D        | Found a shadowy altar of Dithmenos.
    98 | D        | Found a white marble altar of Elyvilon.
    98 | D        | Found a blossoming altar of Fedhas.
    99 | D        | Found an opulent altar of Gozag.
   100 | D        | Found a hazy altar of Hepliaklqana.
   101 | D        | Found a viscous altar of Jiyva.
   102 | D        | Found an ancient bone altar of Kikubaaqudgha.
   103 | D        | Found a corrupted altar of Lugonu.
   104 | D        | Found a burning altar of Makhleb.
   105 | D        | Found a sparkling altar of Nemelex Xobeh.
   106 | D        | Found an iron altar of Okawaru.
   107 | D        | Found a stormy altar of Qazlal.
   108 | D        | Found a sacrificial altar of Ru.
   109 | D        | Found a deep blue altar of Sif Muna.
   110 | D        | Found a bloodstained altar of Trog.
   111 | D        | Found a hide-covered altar of Uskayaw.
   112 | D        | Found a radiant altar of Vehumet.
   113 | D        | Found an ornate altar of the Wu Jian Council.
   114 | D        | Found a shimmering altar of Xom.
   115 | D        | Found a basalt altar of Yredelemnul.
   116 | D        | Found a glowing silver altar of Zin.
   117 | D        | Found a glowing golden altar of the Shining One.
   165 | D        | Noticed a black bear
   166 | D        | Gained mutation: You are partially covered in rugged brown scales. (AC +1, +3% HP) [demonic ancestry]
   166 | D        | Reached XP level 6. HP: 48/48 MP: 6/6
   172 | D        | Reached ***** piety under Trog
   177 | D        | Reached skill level 5 in Fighting
   177 | D        | Reached skill level 12 in Maces & Flails
   238 | D        | Noticed a cyclops
   238 | D        | Noticed a wraith
   238 | D        | Noticed an acid dragon
   241 | D        | Killed an acid dragon
   241 | D        | Gained mutation: You are mostly covered in rugged brown scales. (AC +2, +5% HP) [demonic ancestry]
   241 | D        | Reached XP level 7. HP: 44/60 MP: 7/7
   244 | D        | Killed a wraith
   249 | D        | Killed a cyclops
   249 | D        | Reached skill level 13 in Maces & Flails
   249 | D        | Gained mutation: You have hoof-like feet. [demonic ancestry]
   249 | D        | Reached XP level 8. HP: 17/71 MP: 8/8
   626 | D        | Noticed a komodo dragon
   626 | D        | Noticed a six-headed hydra
   626 | D        | Noticed a komodo dragon
   631 | D        | Killed a komodo dragon
   631 | D        | Reached skill level 14 in Maces & Flails
   635 | D        | Killed a six-headed hydra
   635 | D        | Reached ****** piety under Trog
   635 | D        | Received a gift from Trog
   635 | D        | Reached skill level 10 in Fighting
   635 | D        | Reached skill level 15 in Maces & Flails
   635 | D        | Reached skill level 5 in Armour
   635 | D        | Reached XP level 9. HP: 81/81 MP: 9/9
   643 | D        | Killed a komodo dragon
   651 | D        | Noticed a spiny frog
   669 | D        | Got a warped great mace {god gift}
   670 | D        | Identified the +9 great mace of Equilibrium {elec, rPois Dex+9} (Trog gifted it to you in the Dungeon)
   676 | D        | Killed a spiny frog
   676 | D        | Received a gift from Trog
   893 | D        | Noticed an oklob plant
   897 | D        | Noticed a seven-headed hydra
   899 | D        | Reached skill level 16 in Maces & Flails
   904 | D        | Noticed a komodo dragon
   910 | D        | Killed an oklob plant
   910 | D        | Received a gift from Trog
   918 | D        | Killed a seven-headed hydra
   918 | D        | Reached XP level 10. HP: 30/93 MP: 10/10
  1178 | D        | Received a gift from Trog
  1185 | D        | Reached skill level 17 in Maces & Flails
  1186 | D        | Received a gift from Trog
  1278 | D        | Noticed Urug
  1290 | D        | Killed Urug
  1459 | D        | Noticed Josephine
  1470 | D        | Killed Josephine
  1470 | D        | Received a gift from Trog
  1470 | D        | Received a gift from Trog
  1721 | D        | Noticed an orc high priest
  1736 | D        | Killed an orc high priest
  1739 | D        | Received a gift from Trog
  1739 | D        | Noticed an orc high priest
  1742 | D        | Reached skill level 18 in Maces & Flails
  1742 | D        | Gained mutation: You are completely covered in rugged brown scales. (AC +3, +7% HP) [demonic ancestry]
  1742 | D        | Reached XP level 11. HP: 78/104 MP: 11/11
  1753 | D        | Killed an orc high priest
  1907 | D        | Noticed an orc knight
  1916 | D        | Killed an orc knight
  1922 | D        | Received a gift from Trog
  1941 | D        | Received a gift from Trog
  2103 | D        | Noticed an orc sorcerer
  2103 | D        | Noticed an orc sorcerer
  2103 | D        | Noticed an orc sorcerer
  2106 | D        | Noticed a soul eater
  2106 | D        | Noticed an orc sorcerer
  2108 | D        | Killed an orc sorcerer
  2108 | D        | Reached skill level 10 in Armour
  2109 | D        | Found Wuphos's Jewellery Boutique.
  2109 | D        | Noticed an orc sorcerer
  2114 | D        | Killed an orc sorcerer
  2114 | D        | Received a gift from Trog
  2115 | D        | Found Alibowu's Assorted Antiques.
  2123 | D        | Killed an orc sorcerer
  2130 | D        | Killed an orc sorcerer
  2130 | D        | Reached skill level 19 in Maces & Flails
  2133 | D        | Killed an orc sorcerer
  2134 | D        | Found Momofiq's Food Boutique.
  2142 | D        | Got a dazzling arbalest {god gift}
  2143 | D        | Identified the +8 arbalest of Destruction {venom, SInv} (Trog gifted it to you in the Dungeon)
  2182 | D        | Noticed an orc sorcerer
  2185 | D        | Found Ygiucim's Gadget Shop.
  2185 | D        | Noticed an orc sorcerer
  2186 | D        | Noticed an orc sorcerer
  2187 | D        | Noticed an orc sorcerer
  2191 | D        | Killed an orc sorcerer
  2191 | D        | Received a gift from Trog
  2192 | D        | Noticed a soul eater
  2202 | D        | Killed an orc sorcerer
  2206 | D        | Killed an orc sorcerer
  2206 | D        | Reached skill level 5 in Crossbows
  2207 | D        | Noticed an orc sorcerer
  2209 | D        | Killed an orc sorcerer
  2210 | D        | Received a gift from Trog
  2214 | D        | Paralysed by an orc sorcerer for 4 turns
  2218 | D        | Killed an orc sorcerer
  2218 | D        | Received a gift from Trog
  2219 | D        | Received a gift from Trog
  2250 | D        | Bought the amulet of the Four Winds {rN+ MR+++ Clar} for 439 gold pieces
  2250 | D        | Found the amulet of the Four Winds {rN+ MR+++ Clar}
  2252 | D        | Bought a potion of curing for 75 gold pieces
  2252 | D        | Bought 2 scrolls labeled ZAZOXK XOAS for 50 gold pieces
  2252 | D        | Bought a potion of curing for 75 gold pieces
  2254 | D        | Bought a ration for 50 gold pieces
  2254 | D        | Bought a ration for 50 gold pieces
  2254 | D        | Bought a ration for 50 gold pieces
  2254 | D        | Bought a ration for 50 gold pieces
  2432 | D        | Noticed Erica
  2439 | D        | Killed Erica
  2463 | D        | Noticed Joseph
  2472 | D        | Killed Joseph
  2620 | D        | Noticed a six-headed hydra
  2620 | D        | Noticed a deep elf mage
  2627 | D        | Killed a six-headed hydra
  2627 | D        | Reached XP level 12. HP: 114/114 MP: 12/12
  2634 | D        | Received a gift from Trog
  2634 | D        | Reached skill level 10 in Crossbows
  2638 | D        | Received a gift from Trog
  2682 | D        | Noticed a stone giant
  2683 | D        | Noticed a rakshasa
  2685 | D        | Noticed a fire dragon
  2688 | D        | Received a gift from Trog
  2689 | D        | Noticed a fire dragon
  2697 | D        | Noticed a fire dragon
  2702 | D        | Killed a stone giant
  2703 | D        | Noticed a stone giant
  2709 | D        | Killed a rakshasa
  2709 | D        | Noticed an ettin
  2714 | D        | Killed a fire dragon
  2718 | D        | Killed a fire dragon
  2723 | D        | Killed a stone giant
  2723 | D        | Received a gift from Trog
  2725 | D        | HP: 4/114 [ettin/dire flail (17)]
  2729 | D        | Killed an ettin
  3192 | D        | Noticed Snorg
  3199 | D        | Killed Snorg
  3237 | D        | Noticed Donald
  3247 | D        | Killed Donald
  3542 | D        | Noticed a naga warrior
  3542 | D        | Noticed a naga warrior
  3546 | D        | Received a gift from Trog
  3549 | D        | Killed a naga warrior
  3553 | D        | Received a gift from Trog
  3558 | D        | Killed a naga warrior
  3999 | D        | Noticed a four-headed hydra
  3999 | D        | Noticed an eight-headed hydra
  4003 | D        | Killed an eight-headed hydra
  4003 | D        | Reached skill level 15 in Fighting
  4010 | D        | Received a gift from Trog
  4013 | D        | Killed a four-headed hydra
  4013 | D        | Reached XP level 13. HP: 123/123 MP: 13/13
  4017 | D        | Reached skill level 20 in Maces & Flails
  4019 | D        | Reached skill level 15 in Crossbows
  4024 | D        | Received a gift from Trog
  4028 | D        | Received a gift from Trog
  4088 | D        | Noticed a merfolk impaler
  4098 | D        | Killed a merfolk impaler
  4106 | D        | Received a gift from Trog
  4419 | D        | Received a gift from Trog
  4667 | D        | Received a gift from Trog
  4668 | D        | Noticed Saint Roka
  4673 | D        | Noticed Aizul
  4740 | D        | Killed Saint Roka
  4740 | D        | Reached skill level 5 in Dodging
  4747 | D        | Killed Aizul
  4749 | D        | Slain by an orc warrior

Vault maps used:
D:        linesprint

Skill      XL: |  1  2  3  4  5  6  7  8  9 10 11 12 13 |
---------------+----------------------------------------+-----
Maces & Flails | 6 9 11 12 13 15 16 18 19 20 | 20.5
Armour         | 2 3 4 5 6 9 10 11 12 | 12.1
Dodging        | 2 3 4 5 |  5.0
Fighting       | 6 8 10 11 13 14 15 16 | 16.2
Crossbows      | 9 14 16 | 16.7

Action                   |  1- 3 |  4- 6 |  7- 9 | 10-12 | 13-15 || total
-------------------------+-------+-------+-------+-------+-------++-------
Melee: Mace              |    22 |     4 |       |       |       ||    26
       Kick              |     1 |     3 |    20 |     2 |       ||    26
       Dire flail        |       |    12 |    36 |       |       ||    48
       Great mace        |       |       |    14 |   202 |    22 ||   238
       Eveningstar       |       |       |       |     6 |       ||     6
 Fire: Arbalest          |       |       |       |    20 |    23 ||    43
       Triple crossbow   |       |       |       |       |    20 ||    20
Invok: Berserk           |     1 |     2 |     2 |     8 |     1 ||    14
       Brothers in Arms  |       |       |     2 |     3 |     2 ||     7
       Trog's Hand       |       |       |       |     2 |     2 ||     4
 Stab: Confused          |       |       |       |     1 |       ||     1
  Eat: Chunk             |       |       |     4 |    14 |     3 ||    21
       Ration            |       |       |       |     2 |       ||     2
Armor: Animal skin       |     5 |       |       |       |       ||     5
       Plate armour      |       |     3 |    28 |    53 |       ||    84
       Chain mail        |       |       |       |    34 |    37 ||    71
Dodge: Dodged            |    23 |     4 |    14 |    48 |    25 ||   114

Table legend:
 A = Spawn XP
 B = Non-spawn XP
 C = Spawn XP percentage of total XP
 D = Spawn monster count
 E = Non-spawn monster count
 F = Spawn count percentage of total count
 G = Total turns spent on level
                    A         B        C        D         E        F      G
               +---------+---------+-------+---------+---------+-------+---------
         Total |       0 |   52458 |   0.0 |       0 |     151 |   0.0 |  4749
               +---------+---------+-------+---------+---------+-------+---------
             D |       0 |   52458 |   0.0 |       0 |     151 |   0.0 |  4749
               +---------+---------+-------+---------+---------+-------+---------
